 Dungeon Crawl Stone Soup version 0.31.0-11-ge490571c62 (webtiles) character file.

Game seed: 4069836808051417683

5219 CougarLife the Grappler (level 10, -14/107 HPs)
             Began as a Troll Fighter on Feb 4, 2024.
             Was a Priest of Uskayaw.
             Demolished by a two-headed ogre
             ... wielding a +0 giant club
              (22 damage)
             ... on level 8 of the Dungeon.
             The game lasted 00:11:04 (6129 turns).

CougarLife the Grappler (Troll Fighter)             Turns: 6129, Time: 00:11:05

Health: -14/107    AC:  5    Str: 28    XL:     10   Next: 35%
Magic:  13/13      EV: 10    Int:  6    God:    Uskayaw [***...]
Gold:   321        SH:  9    Dex: 15    Spells: 9/9 levels left

rFire   . .          .
                       - Unarmed
rCold   . . .        b - +0 kite shield
rNeg    . . .        a - +0 robe
rPois   .            (helmet restricted)
rElec   .            x - +0 cloak
rCorr   +            (gloves unavailable)
SInv    .            (boots unavailable)
Will    .....        (no amulet)
Stlth   +            y - +6 ring of dexterity
HPRegen 1.17/turn    i - ring of resist corrosion
MPRegen 0.13/turn

%: no passive effects
@: no status effects
A: large, unfitting armour, claws 3, regeneration 1, shaggy fur 1, tough skin 1
a: Renounce Religion, Stomp, Line Pass


You were on level 8 of the Dungeon.
You worshipped Uskayaw.
Uskayaw was noncommittal.
You visited 2 branches of the dungeon, and saw 9 of its levels.
You also visited: Sewer.

You collected 347 gold pieces.
You spent 26 gold pieces at shops.

Inventory:

Missiles
 l - 24 poisoned darts (quivered)
 v - 11 boomerangs
 E - 6 javelins
Armour
 a - a +0 robe (worn)
 b - a +0 kite shield (worn)
 x - a +0 cloak (worn)
Jewellery
 f - a ring of positive energy
 i - a ring of resist corrosion (right claw)
 y - a +6 ring of dexterity (left claw)
 H - a ring of flight
 N - an amulet of the acrobat
Wands
 d - a wand of polymorph (13)
 s - a wand of quicksilver (24)
 t - a wand of flame (10)
 I - a wand of paralysis (2)
Scrolls
 g - a scroll of noise {unknown}
 j - 5 scrolls of teleportation
 k - 2 scrolls of enchant weapon
 m - 2 scrolls of fear
 o - 2 scrolls of poison
 B - a scroll of amnesia {unknown}
 C - a scroll of butterflies {unknown}
 D - a scroll of vulnerability {unknown}
 F - 2 scrolls of identify
 G - 2 scrolls of torment {unknown}
 J - a scroll of silence {unknown}
 K - a scroll of immolation {unknown}
 L - a scroll of blinking {unknown}
Potions
 c - 4 potions of might
 e - a potion of berserk rage {unknown}
 h - 2 potions of enlightenment {unknown}
 n - 2 potions of attraction
 p - 2 potions of mutation {unknown}
 q - 2 potions of degeneration {unknown}
 r - 3 potions of heal wounds {unknown}
 u - 5 potions of curing
 w - 4 potions of cancellation {unknown}
 z - 2 potions of magic {unknown}
 A - 2 potions of haste {unknown}
 M - a potion of resistance {unknown}


   Skills:
 - Level 9.0 Fighting
 - Level 3.2 Dodging
 - Level 2.6 Shields
 - Level 9.2 Unarmed Combat
 + Level 6.2 Invocations


You had 9 spell levels left.
You didn't know any spells.
Your spell library contained the following spells:

 Spells                   Type           Power      Damage    Failure   Level
 Freeze                   Ice            0%         1d3       69%         1
 Kiss of Death            Conj/Necr      0%         2d5       69%         1
 Sandblast                Erth           0%         2d4       69%         1
 Confusing Touch          Hex            0%         N/A       96%         3
 Frozen Ramparts          Ice            0%         1d1       96%         3
 Hailstorm                Conj/Ice       0%         3d5       96%         3
 Passwall                 Erth           0%         N/A       96%         3
 Stone Arrow              Conj/Erth      0%         3d7       96%         3
 Brom's Barrelling Bould  Conj/Erth      0%         2d3       100%        4
 Dispel Undead            Necr           0%         3d6       100%        4
 Freezing Cloud           Conj/Ice/Air   0%         6-21      100%        5
 Infestation              Necr           0%         N/A       100%        8


Dungeon Overview and Level Annotations

Branches:
Dungeon (8/15)             Temple (1/1) D:7           Sewer (visited)
   Lair: D:8-11

Altars:
Cheibriados
Elyvilon
Gozag
Hepliaklqana
Kikubaaqudgha
Nemelex Xobeh
Okawaru
Qazlal
Ru
Trog
Uskayaw
Vehumet
Yredelemnul
Zin
The Shining One

Shops:
D:6 *


Innate Abilities, Weirdness & Mutations

You are too large for most types of armour.
You have claws for hands.
Your natural rate of healing is unusually fast.
You are covered in fur. (AC +1)
You have tough skin. (AC +1)


Message History

You claw the howler monkey!
The howler monkey is severely wounded.
The howler monkey hits you. The two-headed ogre closely misses you.
The two-headed ogre hits you with a +0 giant spiked club.
The howler monkey hoots and howls with incredible vigour!
You hear a shout!
You can now pass through a line of other dancers.
You mangle the two-headed ogre!!
The two-headed ogre is heavily wounded.
The two-headed ogre closely misses you.
The two-headed ogre hits you with a +0 giant spiked club!
You block the howler monkey's attack.
You barely miss the two-headed ogre.
The two-headed ogre is heavily wounded.
The howler monkey hits you but does no damage.
You scratch the two-headed ogre.
The two-headed ogre is heavily wounded.
The two-headed ogre barely misses you.
The two-headed ogre hits you with a +0 giant spiked club!
The howler monkey misses you.
Uskayaw will force your foes to helplessly watch your dance.
Uskayaw prepares the audience for your solo!
The helpless two-headed ogre fails to defend itself.
You claw the two-headed ogre!
The two-headed ogre is almost dead.
The two-headed ogre is no longer paralysed.
You barely miss the two-headed ogre.
The two-headed ogre is almost dead.
The howler monkey is no longer paralysed.
The two-headed ogre hits you with a +0 giant club!!
The two-headed ogre hits you with a +0 giant spiked club!!
* * * LOW HITPOINT WARNING * * *
You block the howler monkey's attack.
You scratch the two-headed ogre.
The two-headed ogre is almost dead.
The howler monkey hoots and howls with incredible vigour!
The two-headed ogre hits you with a +0 giant club!!
* * * LOW HITPOINT WARNING * * *
The two-headed ogre hits you with a +0 giant spiked club!!
You die...

#... #......... #...
###........ #...
#.........# . #...
##....?....#.. ###. #
##..........'.. #.
#.#P..........# #.
.♣.....O##Oh...# #.
........##@....# ###.
#...P...##### #...
##P.....# #...
##.#..### #...
#......#### ####
###..#..~P####
#..#..~≈PP.~
#..#........
##########[.#..~.^^P.


You could see a two-headed ogre and a howler monkey (catching breath).

Vanquished Creatures
  Erica (D:8)
  A two-headed ogre (D:8)
  Maggie (D:6)
  The ghost of bearlyready the Insei, a novice OpSh (D:6)
  A troll (D:8)
  Grinder (D:5)
  Prince Ribbit (D:5)
  Sigmund (D:2)
  2 dream sheep (D:7)
  A wyvern (D:8)
  Eustachio (D:5)
  An orc warrior (D:6)
  Pargi (Sewer)
  An ice beast (D:6)
  A black bear (D:7)
  2 ogres
  A centaur (D:7)
  A brain worm (Sewer)
  A kobold brigand (D:7)
  2 bullfrogs (D:6)
  A scorpion (D:6)
  4 wights (D:8)
  2 howler monkeys
  2 bombardier beetles
  2 gnoll boudas (D:7)
  A jelly (D:5)
  2 orc priests
  2 hounds
  Crazy Yiuf (D:4)
  5 iguanas
  Terence (D:3)
  2 sleepcaps (D:5)
  7 orc wizards
  5 adders
  6 gnolls
  A white imp (D:7)
  2 ufetubi (D:6)
  2 dart slugs (D:1)
  A ribbon worm (D:2)
  25 orcs
  5 bats
  8 endoplasms
  5 giant cockroaches
  7 goblins
  6 hobgoblins
  4 jackals (D:2)
  9 kobolds
  5 quokkas
  10 ball pythons
  9 frilled lizards
  8 rats
173 creatures vanquished.

Notes
Turn   | Place    | Note
-------+----------+-------------------------------------------
     0 | D:1      | CougarLife the Troll Fighter began the quest for the Orb.
     0 | D:1      | Reached XP level 1. HP: 22/22 MP: 0/0
   120 | D:1      | Reached XP level 2. HP: 29/29 MP: 1/1
   231 | D:1      | Reached XP level 3. HP: 36/36 MP: 2/2
   829 | D:2      | Reached XP level 4. HP: 37/44 MP: 3/3
  1046 | D:2      | Noticed Sigmund
  1063 | D:2      | Killed Sigmund
  1064 | D:2      | Reached skill level 5 in Unarmed Combat
  1064 | D:2      | Reached XP level 5. HP: 37/50 MP: 4/4
  1138 | D:2      | Found a faded altar of an unknown god.
  1986 | D:3      | Found the +7 sceptre of Torment {pain, torment}
  1991 | D:3      | Reached XP level 6. HP: 57/59 MP: 5/5
  2054 | D:3      | Noticed Terence
  2063 | D:3      | Killed Terence
  2445 | D:4      | Got the Exposition on Shivering Diablerie
  2733 | D:4      | Found a radiant altar of Vehumet.
  3000 | D:4      | Found a runed translucent door.
  3001 | D:4      | Noticed Crazy Yiuf
  3440 | D:4      | Found a sacrificial altar of Ru.
  3480 | D:4      | Killed Crazy Yiuf
  3623 | D:5      | Entered Level 5 of the Dungeon
  3690 | D:5      | Reached XP level 7. HP: 66/66 MP: 6/6
  3699 | D:5      | Found a glowing drain.
  3709 | Sewer    | Entered a sewer
  3729 | Sewer    | Noticed Pargi
  3732 | Sewer    | Killed Pargi
  3882 | D:5      | Noticed Prince Ribbit
  3898 | D:5      | Killed Prince Ribbit
  3959 | D:5      | Noticed Eustachio
  3993 | D:5      | Killed Eustachio
  3994 | D:5      | Reached XP level 8. HP: 56/74 MP: 7/7
  4057 | D:5      | Noticed Grinder
  4064 | D:5      | Killed Grinder
  4454 | D:6      | Found a runed translucent door.
  4465 | D:6      | Noticed bearlyready's ghost (novice OpSh)
  4541 | D:6      | Noticed Maggie
  4561 | D:6      | Killed Maggie
  4641 | D:6      | Found Nittadi's General Store.
  4651 | D:6      | Bought a scroll of identify for 26 gold pieces
  4828 | D:6      | Found a snail-covered altar of Cheibriados.
  4837 | D:6      | Reached XP level 9. HP: 60/92 MP: 8/8
  5062 | D:6      | Killed bearlyready's ghost
  5439 | D:7      | Found a staircase to the Ecumenical Temple.
  5455 | Temple   | Entered the Ecumenical Temple
  5503 | D:7      | Found a hide-covered altar of Uskayaw.
  5539 | D:7      | Became a worshipper of Uskayaw the Reveller
  5625 | D:7      | Reached * piety under Uskayaw
  5629 | D:7      | Reached ** piety under Uskayaw
  5816 | D:8      | Reached skill level 1 in Invocations
  5819 | D:8      | Reached *** piety under Uskayaw
  5865 | D:8      | Noticed Erica
  5870 | D:8      | Killed Erica
  5871 | D:8      | Reached XP level 10. HP: 69/107 MP: 9/12
  5962 | D:8      | Noticed a two-headed ogre
  5967 | D:8      | Killed a two-headed ogre
  5968 | D:8      | Reached skill level 5 in Invocations
  5976 | D:8      | Reached **** piety under Uskayaw
  5980 | D:8      | Reached ***** piety under Uskayaw
  6115 | D:8      | Noticed a two-headed ogre
  6129 | D:8      | Demolished by a two-headed ogre

Illustrated notes

Levels and vault maps discovered:
D:1:      wheals_arrival_linesprint, layout_rooms
D:2:      layout_basic, chequers_ecumenical_altar_twisty, minmay_between,
          uniq_sigmund
D:3:      layout_basic, uniq_terence
D:4:      layout_layer_cave, kennysheep_mini_moat,
          nicolae_ru_the_path_less_chosen, chequers_serial_rivers_micro_e,
          chequers_serial_rivers_small_3, grunt_tough_drop,
          uniq_crazy_yiuf_cottage
D:5:      layout_rooms, nicolae_overflow_hidden_temple,
          mainiacjoe_sewer_entry_somewhere_in_here_2,
          nicolae_houndstooth_variations, uniq_eustachio, uniq_prince_ribbit1,
          uniq_grinder
D:6:      layout_basic, cheibriados_altar_1, ebering_ghost_sewer_d,
          serial_shops, shop, uniq_maggie
D:7:      layout_rooms, mainiacjoe_overflow_cross_hatched,
          minmay_temple_entry_grid, minivault_26, dreamdust_gnoll_shepherd
D:8:      kennysheep_steamy, layout_basic, hellmonk_guarded_unrand_vines,
          uniq_erica
Temple:   jpeg_temple_clearing

Skill      XL: |  1  2  3  4  5  6  7  8  9 10 |
---------------+-------------------------------+-----
Dodging        | 3 |  3.2
Unarmed Combat | 3 5 7 9 |  9.2
Fighting       | 6 9 |  9.0
Invocations    | 4 6 |  6.2
Shields        | |  2.6

Action                     |  1- 3 |  4- 6 |  7- 9 | 10-12 || total
---------------------------+-------+-------+-------+-------++-------
  Melee: Unarmed           |   105 |    97 |   245 |    37 ||   484
    Use: Scroll            |       |       |     6 |       ||     6
   Stab: Paralysed         |       |       |     1 |     2 ||     3
 Armour: Robe              |    50 |    37 |   139 |    34 ||   260
  Dodge: Dodged            |    43 |    21 |    85 |    17 ||   166
  Block: Kite shield       |    50 |    17 |   112 |    16 ||   195
